AoeStats
← AgustinVB

Highland

506773740Analyzed
3v3 RM · 16d ago on Sep 15, 2026· 44m 21s· 6 players
Game mode
Random Map
Map size
Normal (6 player)
Population
200
Speed
Normal
Resources
Standard
Victory
Conquest
Starting age
Dark Age
Ending age
Imperial Age
RankedLock teamsTeams togetherTeam positionsShared explorationLock speedFull tech treeHidden civsTurbo modeCheats
Victory
Defeat
🇵🇪 Chinese · Peru
1050
+14
🇵🇪 Spanish · Peru
1048
+14
🇵🇪 Vietnamese · Peru
951
+18
🇨🇱 Armenians · Chile
1066
-18
🇻🇪 Romans · Venezuela
1013
-16
🇨🇱 Bohemians · Chile
908
-12
zesar434
6:44 Loom
10:10 Feudal Age
10:40 Double-Bit Axe
10:51 Gold Mining
11:08 Man-at-Arms
12:28 Horse Collar
14:03 Long Swordsman
17:34 Scale Mail Armor
17:40 Arson
22:40 Castle Age
22:45 Fletching
23:38 Bow Saw
24:20 Elite Skirmisher
25:13 Bodkin Arrow
28:26 Padded Archer Armor
34:12 Gold Shaft Mining
35:05 Wheelbarrow
36:20 Hand Cart
37:27 Leather Archer Armor
42:25 Imperial Age
Shaggy
7:51 Loom
10:32 Feudal Age
10:33 Man-at-Arms
15:45 Wheelbarrow
15:07 Double-Bit Axe
22:38 Castle Age
31:46 Pikeman
38:00 Fletching
38:17 Scale Barding Armor
39:22 Elite Skirmisher
Silver 299 k/h
12:05 Feudal Age
11:48 Loom
15:34 Wheelbarrow
15:00 Horse Collar
16:05 Man-at-Arms
17:56 Town Watch
22:37 Fletching
25:49 Castle Age
26:22 Stone Mining
27:01 Squires
26:53 Pikeman
34:17 Elite Skirmisher
LUISELWUEBAS
10:51 Feudal Age
10:38 Loom
11:38 Double-Bit Axe
18:22 Castle Age
19:35 Forging
21:18 Scale Barding Armor
21:50 Iron Casting
27:13 Wheelbarrow
27:29 Husbandry
29:13 Chain Barding Armor
38:53 Imperial Age
36:12 Town Watch
36:43 Hand Cart
36:44 Bloodlines
37:57 Padded Archer Armor
37:50 Fletching
39:58 Town Patrol
43:41 Chemistry
43:01 Ballistics
43:40 Conscription
44:51 Blast Furnace
SrMevliz
3:38 Loom
10:31 Feudal Age
11:47 Double-Bit Axe
20:48 Castle Age
19:05 Padded Archer Armor
19:02 Horse Collar
20:02 Fletching
21:31 Crossbowman
23:37 Bow Saw
23:42 Gold Mining
25:22 Husbandry
27:37 Wheelbarrow
28:03 Bodkin Arrow
28:23 Leather Archer Armor
29:19 Hand Cart
30:01 Thumb Ring
31:00 Ballistics
32:02 Leather Archer Armor
32:31 Stone Mining
37:09 Bloodlines
39:42 Imperial Age
39:48 Heavy Cavalry Archer
41:49 Chemistry
41:22 Ring Archer Armor
40:53 Bracer
AgustinVB
0:26 Loom
9:43 Feudal Age
10:20 Double-Bit Axe
12:37 Horse Collar
17:24 Fletching
23:10 Castle Age
21:58 Padded Archer Armor
22:54 Gold Mining
23:15 Crossbowman
24:20 Bow Saw
25:48 Wheelbarrow
26:41 Thumb Ring
30:40 Hand Cart
30:10 Town Watch
35:08 Imperial Age
34:46 Stone Mining
35:38 Arbalester
37:29 Gold Shaft Mining
38:19 Chemistry
38:09 Heavy Rocket Cart
39:39 Ballistics
39:30 Masonry
42:14 Bodkin Arrow
42:34 Leather Archer Armor
43:02 Stone Shaft Mining
Connection lost

Rejoining the realm…

Still unreachable

The connection could not be restored.

Session expired

The server has moved on; the page needs a fresh start.